 Dungeon Crawl Stone Soup version 0.27.1-34-g3ba077fa99 (webtiles) character file.

Game seed: 11791530529326757537

854 pkoi the Martial Artist (level 7, -4/57 HPs)
             Began as a Purple Draconian Monk on Jan 6, 2022.
             Was a Believer of the Shining One.
             Slain by an orc (5 damage)
             ... on level 7 of the Dungeon.
             The game lasted 00:05:12 (4381 turns).

pkoi the Martial Artist (Purple Draconian Monk)     Turns: 4381, Time: 00:05:12

Health: -4/57      AC: 11    Str: 13      XL:     7   Next: 70%
Magic:  7/7        EV: 12    Int: 12      God:    the Shining One [**....]
Gold:   110        SH:  0    Dex: 13 (14) Spells: 6/6 levels left

rFire    . . .     SeeInvis .     - Unarmed
rCold    . . .     Faith    .   (no shield)
rNeg     + . .     Spirit   .   (armour unavailable)
rPois    .         Reflect  .   (helmet restricted)
rElec    .         Harm     .   (no cloak)
rCorr    .         Rampage  .   e - +2 pair of gloves
Will     ++...                  k - +1 pair of boots
Stlth    +.........             (no amulet)
HPRegen  0.19/turn              f - ring of wizardry
MPRegen  0.10/turn              c - ring of willpower

@: about to teleport, glowing
A: breathe power, AC +6, unfitting armour, cold-blooded
a: Breathe Dispelling Energy, Renounce Religion, Divine Shield


You were on level 7 of the Dungeon.
You worshipped the Shining One.
The Shining One was pleased with you.
You visited 2 branches of the dungeon, and saw 6 of its levels.

You collected 110 gold pieces.

Inventory:

Hand Weapons
 d - a +1 vorpal spear
Missiles
 a - 7 boomerangs (quivered)
Armour
 e - a +2 pair of gloves (worn)
 k - a +1 pair of boots (worn)
Jewellery
 c - a ring of willpower (right hand)
 f - a ring of wizardry (left hand)
 l - a ring of fire
Wands
 j - a wand of charming (10)
Scrolls
 h - 2 scrolls of teleportation
 m - a scroll of torment


   Skills:
 - Level 3.2 Fighting
 - Level 2.6 Dodging
 - Level 1.7 Stealth
 + Level 8.7 Unarmed Combat
 + Level 3.1 Evocations


You had 6 spell levels left.
You didn't know any spells.
Your spell library contained the following spells:

 Spells                   Type           Power      Damage    Failure   Level
 Magic Dart               Conj           0%         1d3       13%         1
 Summon Small Mammal      Summ           0%         N/A       13%         1
 Call Imp                 Summ           0%         N/A       21%         2
 Call Canine Familiar     Summ           0%         N/A       36%         3
 Mephitic Cloud           Conj/Pois/Air  0%         N/A       36%         3
 Summon Guardian Golem    Hex/Summ       0%         N/A       36%         3


Dungeon Overview and Level Annotations

Branches:
Dungeon (4/15)             Temple (1/1) D:4

Altars:
Ashenzari
Cheibriados
Elyvilon
Fedhas
Gozag
Kikubaaqudgha
Nemelex Xobeh
Okawaru
Qazlal
Yredelemnul
Zin
The Shining One

Shops:
D:3 [


Innate Abilities, Weirdness & Mutations

You can breathe bolts of dispelling energy.
Your rich purple scales are hard. (AC +6)
You cannot fit into any form of body armour.
You are cold-blooded and may be slowed by cold attacks.


Message History

The centaur kicks you but does no damage.
The orc warrior closely misses you.
The orc warrior hits you but does no damage.
Okay, then.
As you read the scroll labelled FUCIXT UBYASUC, it crumbles to dust.
It is a scroll of enchant armour.
Your +0 pair of boots glows green for a moment.
The orc warrior hits you with a +0 long sword.
* * * LOW HITPOINT WARNING * * *
As you read the scroll labelled KORA ZYNGOMNO, it crumbles to dust.
It is a scroll of identify.
m - a scroll of torment The orc closely misses you.
The orc barely misses you. The orc warrior barely misses you.
You hit the orc warrior but do no damage.
The orc warrior is heavily wounded.
The orc hits you with a +0 hand axe.
* * * LOW HITPOINT WARNING * * *
The orc barely misses you.
You hit the orc warrior but do no damage.
The orc warrior is heavily wounded.
The orc warrior hits you with a +0 long sword!
* * * LOW HITPOINT WARNING * * *
The orc hits you but does no damage. The orc hits you with a +0 dagger.
* * * LOW HITPOINT WARNING * * *
You barely miss the orc warrior.
Your tail-slap misses the orc warrior.
The orc warrior is heavily wounded.
The orc warrior closely misses you. The orc misses you.
The orc hits you but does no damage.
Unknown command.
You feel better.
The orc warrior hits you with a +0 long sword!
* * * LOW HITPOINT WARNING * * *
The orc closely misses you. The orc hits you but does no damage.
Okay, then.
As you read the scroll of teleportation, it crumbles to dust.
You feel strangely unstable.
The orc warrior hits you but does no damage.
The orc hits you with a +0 hand axe.
You die...

.##### #######
......##@o...#
.......#oo...##
♣...)c.......
♣...#.....###
♣...#.....#
♣...#.....#
♣......####
♣......#
♣....!.#


You could see an orc warrior, a centaur and 2 orcs.

Vanquished Creatures
  2 black bears (D:4)
  A necrophage (D:2)
  An ogre (D:4)
  A phantom (D:4)
  A howler monkey (D:4)
  3 centaur skeletons (D:4)
  A hound (D:4)
  2 orc wizards
  A hound skeleton (D:4)
  4 gnolls
  A howler monkey skeleton (D:4)
  8 adders
  An ufetubus (D:3)
  A worm (D:4)
  A dart slug (D:1)
  8 orcs
  9 bats
  An endoplasm (D:4)
  A giant cockroach (D:2)
  3 goblins (D:1)
  12 hobgoblins
  4 jackals (D:1)
  3 quokkas (D:1)
  11 ball pythons
  2 frilled lizards
  7 kobolds
  4 rats
94 creatures vanquished.

Notes
Turn   | Place    | Note
-------+----------+-------------------------------------------
     0 | D:1      | pkoi the Draconian Monk began the quest for the Orb.
     0 | D:1      | Reached XP level 1. HP: 19/19 MP: 1/1
   342 | D:1      | Reached XP level 2. HP: 10/26 MP: 2/2
   615 | D:1      | Reached skill level 4 in Unarmed Combat
   815 | D:1      | Reached XP level 3. HP: 16/31 MP: 3/3
  1714 | D:2      | Reached XP level 4. HP: 34/38 MP: 4/4
  1771 | D:2      | Reached skill level 5 in Unarmed Combat
  1953 | D:2      | Found a sparkling altar of Nemelex Xobeh.
  2278 | D:3      | Noticed a necrophage
  2287 | D:2      | Killed a necrophage
  2288 | D:2      | Reached skill level 6 in Unarmed Combat
  2288 | D:2      | Reached XP level 5. HP: 29/45 MP: 5/5
  2762 | D:3      | Found Onacze's Armour Emporium.
  3136 | D:4      | Reached XP level 6. HP: 51/51 MP: 6/6
  3208 | D:4      | Reached skill level 7 in Unarmed Combat
  3458 | D:4      | Reached skill level 8 in Unarmed Combat
  3458 | D:4      | Your scales start taking on a rich purple colour.
  3458 | D:4      | Reached XP level 7. HP: 49/57 MP: 7/7
  3568 | D:4      | Reached skill level 1 in Evocations
  4072 | D:4      | Found a staircase to the Ecumenical Temple.
  4091 | Temple   | Entered the Ecumenical Temple
  4265 | Temple   | Became a worshipper of the Shining One
  4265 | Temple   | Reached * piety under the Shining One
  4265 | Temple   | Reached ** piety under the Shining One
  4353 | D:4      | You fall into a shaft and drop 3 floors!
  4380 | D:7      | HP: 1/57 [orc warrior (15)]
  4381 | D:7      | Slain by an orc

Illustrated notes

Levels and vault maps discovered:
D:1:      minmay_arrival_wavy_path, layout_basic, serial_glass, glass_columns_a,
          glass_columns_b, glass_columns_c, glass_columns_a
D:2:      layout_basic, basic_altar
D:3:      minmay_wonky_spiral, layout_rooms, serial_shops,
          nicolae_shop_behind_doors, hangedman_decor_clover_reticule
D:4:      layout_layer_cave, temple_green
D:7:      layout_basic, mainiacjoe_overflow_chevrons, nicolae_uskayaw_en_pointe,
          serial_shops, shop_fountains, small_statue_intersection,
          roderic_roman_lattice, uniq_prince_ribbit1, uniq_harold
Temple:   bh_familiar_temple

Skill      XL: |  1  2  3  4  5  6  7 |
---------------+----------------------+-----
Unarmed Combat | 4 6 8 |  8.7
Evocations     | 3 |  3.1
Fighting       | |  3.2
Dodging        | |  2.6
Stealth        | |  1.7

Action                   |  1- 3 |  4- 6 |  7- 9 || total
-------------------------+-------+-------+-------++-------
Melee: Unarmed           |   120 |   147 |    72 ||   339
       Tailslap          |    12 |    15 |     9 ||    36
       Punch             |     2 |     4 |     3 ||     9
Throw: Boomerang         |       |       |     3 ||     3
  Use: Scroll            |       |     7 |     3 ||    10
       Potion            |       |     5 |     1 ||     6
 Stab: Sleeping          |     3 |     7 |       ||    10
       Distracted        |       |       |     1 ||     1
Armor: Skin              |    38 |    51 |    39 ||   128
Dodge: Dodged            |    91 |    96 |    56 ||   243
